 Dungeon Crawl Stone Soup version 0.26-a0-710-g95a0c6c400 (webtiles) character file.

Game seed: 355321667290126068

88377 Mitsuki the Warrior (level 15, -37/141 HPs)
             Began as a Minotaur Fighter on Oct 6, 2020.
             Was the Champion of Ru.
             Annihilated by an ettin
             ... wielding a +0 dire flail
              (46 damage)
             ... on level 1 of the Orcish Mines on Oct 30, 2020.
             The game lasted 01:48:47 (28095 turns).

Mitsuki the Warrior (Minotaur Fighter)             Turns: 28095, Time: 01:48:47

Health: -37/141    AC: 37    Str: 25    XL:     15   Next: 46%
Magic:  14/14      EV: 13    Int:  7    God:    Ru [******]
Gold:   2245       SH: 21    Dex: 10    Spells: 14/14 levels left

rFire    + . .     SeeInvis .   P - +9 morningstar (vorpal)
rCold    + . .     Faith    .   a - +2 kite shield
rNeg     . . .     Spirit   .   j - +15 Maxwell's patent armour {-Cast -Tele rElec MR+ rCorr}
rPois    .         Reflect  +   (helmet restricted)
rElec    +         Harm     .   b - +0 cloak
rCorr    +         Rampage  +   (no gloves)
MR       ++...     NoTele   +   F - +2 pair of boots {rampage} Stlth ..........NoCast +
                                z - amulet of reflection
HPRegen  0.33/turn              M - ring of protection from cold
MPRegen  0.14/turn              s - ring of protection from fire

@: silenced
A: retaliatory headbutt, horns 2, screaming 1, no stealth, inability to use
devices, no fire magic, no hexes magic, no summoning magic, disrupted magic 1,
inexperienced 1
a: Renounce Religion


You were on level 1 of the Orcish Mines.
You worshipped Ru.
Ru was exalted by your worship.
You visited 4 branches of the dungeon, and saw 24 of its levels.
You also visited: Gauntlet and Ice Cave.

You collected 2753 gold pieces.
You spent 508 gold pieces at shops.

Inventory:

Hand Weapons
 P - a +9 vorpal morningstar (weapon)
Missiles
 Q - 22 curare-tipped darts (quivered)
 W - 3 throwing nets
Armour
 a - a +2 kite shield (worn)
 b - a +0 cloak (worn)
 j - the +15 Maxwell's patent armour (worn) {-Cast -Tele rElec MR+ rCorr}
   (You found it in a Gauntlet)

   It insulates you from electricity.
   It affects your resistance to hostile enchantments.
   It prevents spellcasting.
   It prevents most forms of teleportation.
   It provides partial protection from all sources of acid and corrosion.
 F - a +2 pair of boots of rampaging (worn)
Jewellery
 s - a ring of protection from fire (right hand)
 z - an amulet of reflection (around neck)
 C - an uncursed amulet of regeneration
 E - the ring of the Three Youths {rPois MR- Str+9 Dex-2 Stlth+}
   (You took it off a minotaur in a Gauntlet)

   [ring of stealth]

   It affects your strength (+9).
   It affects your dexterity (-2).
   It protects you from poison.
   It affects your resistance to hostile enchantments.
   It makes you more stealthy.
 G - an uncursed ring of see invisible
 H - an uncursed ring of protection from cold
 I - an uncursed ring of protection from magic
 M - a ring of protection from cold (left hand)
Scrolls
 c - a scroll of enchant armour
 d - 7 scrolls of identify
 e - a scroll of teleportation
 i - 8 scrolls of fear
 v - 7 scrolls of magic mapping
 D - a scroll of silence {unknown}
 K - 3 scrolls of fog
 L - a scroll of blinking {unknown}
 R - 3 scrolls of immolation {unknown}
 S - 2 scrolls of torment {unknown}
 U - 2 scrolls of vulnerability {unknown}
Potions
 f - a potion of magic {unknown}
 g - a potion of haste
 h - a potion of berserk rage
 k - 7 potions of heal wounds
 l - 13 potions of curing
 n - 6 potions of flight
 t - a potion of resistance
 u - 4 potions of ambrosia {unknown}
 w - a potion of brilliance {unknown}
 x - 5 potions of invisibility {unknown}
 A - 2 potions of might
 J - 2 potions of lignification {unknown}
 O - 3 potions of cancellation {unknown}


   Skills:
 + Level 15.5 Fighting
 + Level 15.3 Maces & Flails
 + Level 15.4 Armour
 + Level 14.0 Dodging
 - Level 15.0 Shields


You had 14 spell levels left.
You didn't know any spells.
Your spell library contained the following spells:

 Spells                   Type           Power        Failure   Level
 Magic Dart               Conj           #...         98%         1
 Searing Ray              Conj           #.....       99%         2
 Gell's Gravitas          Tloc           #.........   100%        3
 Iskenderun's Mystic Bla  Conj/Tloc      #.......     100%        4
 Petrify                  Tmut/Erth      #.......     100%        4
 Irradiate                Conj/Tmut      #.........   100%        5
 Iskenderun's Battlesphe  Conj           #.......     100%        5
 Freezing Cloud           Conj/Ice/Air   #.........   100%        6
 Hydra Form               Tmut           #.........   100%        6
 Iron Shot                Conj/Erth      #.........   100%        6
 Statue Form              Tmut/Erth      #........    100%        6
 Dragon Form              Tmut           #.........   100%        7
 Orb of Destruction       Conj           #.........   100%        7
 Corona                   Hex            Unusable     N/A         1
 Ensorcelled Hibernation  Hex/Ice        Unusable     N/A         2
 Slow                     Hex            Unusable     N/A         2
 Confusing Touch          Hex            Unusable     N/A         3
 Conjure Flame            Conj/Fire      Unusable     N/A         3
 Dazzling Flash           Conj/Hex       Unusable     N/A         3
 Inner Flame              Hex/Fire       Unusable     N/A         3
 Portal Projectile        Hex/Tloc       Unusable     N/A         3
 Tukima's Dance           Hex            Unusable     N/A         3
 Cause Fear               Hex            Unusable     N/A         4
 Fulminant Prism          Conj/Hex       Unusable     N/A         4
 Leda's Liquefaction      Hex/Erth       Unusable     N/A         4
 Bolt of Magma            Conj/Fire/Erth Unusable     N/A         5
 Metabolic Englaciation   Hex/Ice        Unusable     N/A         5
 Summon Demon             Summ           Unusable     N/A         5
 Summon Forest            Summ/Tloc      Unusable     N/A         5
 Summon Mana Viper        Hex/Summ       Unusable     N/A         5
 Yara's Violent Unravell  Hex/Tmut       Unusable     N/A         5
 Shadow Creatures         Summ           Unusable     N/A         6
 Spellforged Servitor     Conj/Summ      Unusable     N/A         7
 Summon Hydra             Summ           Unusable     N/A         7

Dungeon Overview and Level Annotations

Branches:
Dungeon (15/15)            Temple (1/1) D:4            Lair (6/6) D:11
  Swamp (0/4) Lair:2       Spider (0/4) Lair:4        Slime (0/5) Lair:5
    Orc (2/2) D:10            Elf (0/3) Orc:2        Vaults (0/5) D:13
 Depths (0/5) D:15          IceCv (visited)         Gauntlet (visited)

Altars:
Ashenzari
Cheibriados
Dithmenos
Elyvilon
Fedhas
Gozag
Hepliaklqana
Kikubaaqudgha
Makhleb
Nemelex Xobeh
Okawaru
Qazlal
Ru
Sif Muna
Trog
Uskayaw
Vehumet
Wu Jian
Xom
Yredelemnul
Zin
The Shining One
Beogh
Jiyva

Shops:
D:8 [[!(   D:9 (   Orc:2 =*[(

Annotations:
D:10 exclusion: 2 oklob plants
Lair:4 1 runed translucent door, MrRokkomies's ghost, journeyman GnWn
Orc:1 1 transporter, 1 runed translucent door


Innate Abilities, Weirdness & Mutations

You reflexively headbutt those who attack you in melee.
You have a pair of horns on your head.
You occasionally shout uncontrollably at your foes.
You cannot be stealthy.
You cannot study or use magical devices.
You cannot study or cast Fire magic.
You cannot study or cast Hexes magic.
You cannot study or cast Summoning magic.
Your casting is slightly disrupted.
You are somewhat inexperienced. (-2 XL)


Message History

You are too injured to fight recklessly!
You thump the ettin!
The ettin is severely wounded.
You block the ettin's attack.
The ettin hits you with a +0 dire flail!!!
* * * LOW HITPOINT WARNING * * *
You take 51 damage, and have 12/141 hp.
MASSIVE DAMAGE!!
You bludgeon the ettin!!
The ettin is almost dead.
The ettin hits you with a +0 dire flail.
* * * LOW HITPOINT WARNING * * *
You focus your will and blind the ettin in retribution!
The ettin closely misses you.
You redirect the moth of wrath's attack!
You take 3 damage, and have 9/141 hp.
You hit the ettin but do no damage. You headbutt the ettin.
The ettin is almost dead.
You block the ettin's attack.
The ettin hits you with a +0 dire flail!!!
You die...

.#.# #........ ...# . #........
...### . .. #........ ...#y# .⌠..
..#######....... ...#### ...$
..#y#........... ......##...$$
###++###...........
..)...##..($[###...##............
##...©##..:)_+W#.÷©##©.........>.
#.....##..$!: ##@..##............
#.....##...$$ ###C'###...........
...#### ....$#y#...#y#...........
...#y# .⌠C.###.C.######........
#.#### .....C..## #.......^ .##
.......## #........ ## #######
#.#.^.... #


eeey#° ####.#... ## ## ##.... You could see an ettin (berserk, blind), a moth of
wrath, a cyclops and a silent spectre (silencing).

Vanquished Creatures
  Frances (D:12)
  A frost giant (IceCv)
  An orc warlord (Orc:2)
  A minotaur (Gauntlet)
  Josephine (Lair:6)
  A fire dragon (Lair:6)
  8 hydras
  A yaktaur captain (D:15)
  Harold (D:11)
  2 boulder beetles
  5 vault guards
  A catoblepas (Lair:2)
  A death knight (D:14)
  3 centaur warriors
  An ogre mage (Orc:2)
  12 two-headed ogres
  A tengu warrior (D:15)
  8 death yaks
  5 orc high priests (Orc:2)
  A hell hog (Gauntlet)
  Urug (Lair:5)
  Nergalle (Lair:1)
  Sonja (Lair:4)
  8 skeletal warriors
  A swamp dragon (Lair:6)
  A necromancer (Gauntlet)
  A harpy (shapeshifter) (D:13)
  4 orc knights
  A wolf spider (Lair:4)
  16 ugly things
  A deep elf mage (D:13)
  An oklob plant (Lair:1)
  4 manticores
  5 orc sorcerers (Orc:2)
  3 elephants (Lair:6)
  6 cyclopes
  A worldbinder (Gauntlet)
  An ice statue (IceCv)
  3 black mambas
  9 cane toads
  3 gargoyles
  6 centaur skeletons
  5 rime drakes
  A rime drake (shapeshifter) (D:14)
  7 komodo dragons
  An efreet (D:15)
  A yaktaur (D:15)
  A tengu conjurer (D:15)
  17 polar bears
  A tyrant leech (Lair:2)
  13 trolls
  5 blink frogs (Lair:2)
  4 slime creatures (D:13)
  A meliai zombie (D:13)
  Sigmund (D:2)
  6 wraiths
  2 shadows (D:14)
  A vampire (D:13)
  8 wyverns
  3 fire bats (Gauntlet)
  64 yaks
  2 steam dragons (Lair:6)
  7 humans (D:13)
  Grum (D:11)
  3 vampire mosquitoes (D:14)
  6 basilisks
  2 swamp worms (Lair:2)
  A warg (Orc:1)
  5 acid dragons
  15 water moccasins
  2 hell hounds (Gauntlet)
  26 orc warriors
  A swamp drake (Lair:6)
  5 sky beasts
  4 black bears
  16 ice beasts
  4 eyes of draining
  7 ogres
  4 phantoms
  A necrophage (D:14)
  38 wolves
  2 boggarts
  12 centaurs
  30 bullfrogs
  A wyvern zombie (D:14)
  5 scorpions
  A water moccasin skeleton (D:11)
  6 wights
  2 electric eels (Lair:6)
  2 howler monkeys
  A crimson imp (D:5)
  A quasit (D:10)
  5 centaur zombies
  A bullfrog zombie (D:13)
  7 jellies
  23 orc priests
  11 hounds
  Crazy Yiuf (D:3)
  25 orc wizards
  Terence (D:2)
  2 bullfrog skeletons
  11 iguanas
  9 worker ants
  Ijyb (D:3)
  7 hell rats (Lair:6)
  A hound zombie (D:11)
  5 gnolls
  12 adders
  A shadow imp (D:9)
  5 white imps
  2 ufetubi
  2 dart slugs (D:1)
  3 worms
  4 leopard geckos
  72 orcs
  A ball python (D:6)
  11 bats
  5 giant cockroaches
  12 goblins
  6 hobgoblins
  5 jackals
  8 quokkas
  8 frilled lizards
  5 kobolds
  4 rats
765 creatures vanquished.

Vanquished Creatures (others)
  2 hydras
  A cane toad (Lair:6)
  A komodo dragon (Lair:6)
  A polar bear (IceCv)
  A hornet (D:15)
  2 tyrant leeches
  3 yaks
  A wraith (Lair:5)
  A water moccasin (Lair:6)
  2 boggarts (D:14)
  3 wolves
  A wight (D:15)
  33 fungi
  69 plants
121 creatures vanquished.

Grand Total: 886 creatures vanquished

Notes
Turn   | Place    | Note
-------+----------+-------------------------------------------
     0 | D:1      | Mitsuki the Minotaur Fighter began the quest for the Orb.
     0 | D:1      | Reached XP level 1. HP: 19/19 MP: 0/0
   123 | D:1      | Reached XP level 2. HP: 26/27 MP: 1/1
   601 | D:1      | Reached XP level 3. HP: 33/33 MP: 2/2
   732 | D:2      | Noticed Sigmund
   747 | D:2      | Killed Sigmund
   747 | D:2      | Reached XP level 4. HP: 16/41 MP: 3/3
   747 | D:2      | Reached XP level 5. HP: 18/47 MP: 4/4
  1143 | D:2      | Noticed Terence
  1147 | D:2      | Killed Terence
  1810 | D:3      | Reached XP level 6. HP: 55/55 MP: 5/5
  2104 | D:3      | Noticed Ijyb
  2107 | D:3      | Reached skill level 5 in Fighting
  2107 | D:3      | Reached skill level 5 in Shields
  2111 | D:3      | Killed Ijyb
  2111 | D:3      | Reached skill level 5 in Armour
  2291 | D:3      | Found a runed translucent door.
  2292 | D:3      | Noticed Crazy Yiuf
  2304 | D:3      | Killed Crazy Yiuf
  2742 | D:4      | Reached skill level 1 in Evocations
  2764 | D:4      | Reached XP level 7. HP: 42/61 MP: 6/6
  3163 | D:4      | Found a staircase to the Ecumenical Temple.
  3163 | D:4      | Identified the cursed +0 ring mail of the Sky {rC+ Str+2
                  | Dex+8 Slay-2}
  3175 | D:4      | Reached skill level 5 in Maces & Flails
  3188 | Temple   | Entered the Ecumenical Temple
  3347 | Temple   | Became a worshipper of Ru the Awakened
  3480 | D:4      | Reached XP level 8. HP: 57/70 MP: 7/7
  3662 | D:4      | Got a polished ring mail
  3667 | D:4      | Found a hazy altar of Hepliaklqana.
  3845 | D:5      | Entered Level 5 of the Dungeon
  4037 | D:5      | Found a burning altar of Makhleb.
  4170 | D:5      | Found a bloodstained altar of Trog.
  4186 | D:5      | Identified the +0 ring mail of Ulawnu Caip {Str+6 Stlth+}
                  | (You found it on level 4 of the Dungeon)
  5285 | D:6      | Reached skill level 5 in Dodging
  5347 | D:6      | Got a bloodstained leather armour
  5358 | D:6      | Identified the +3 leather armour "Hob Rair" {rF++} (You
                  | found it on level 6 of the Dungeon)
  5450 | D:6      | Reached XP level 9. HP: 62/79 MP: 8/8
  6540 | D:7      | Found a snail-covered altar of Cheibriados.
  6579 | D:7      | Identified the Handbook of Creative Confrontation
  7207 | D:8      | Found Zeumyopa's Weapon Boutique.
  7276 | D:8      | Noticed a two-headed ogre
  7289 | D:8      | Killed a two-headed ogre
  7474 | D:8      | Found Tigujewn's Distillery.
  7494 | D:8      | Bought a potion of degeneration for 14 gold pieces
  7500 | D:8      | Found Okhoaps's Antique Armour Shoppe.
  7503 | D:8      | Bought a pair of embroidered boots for 247 gold pieces
  7534 | D:8      | Noticed a troll
  7541 | D:8      | Killed a troll
  7766 | D:8      | Reached XP level 10. HP: 51/88 MP: 9/9
  8116 | D:8      | Found Jegennop's Armour Shoppe.
  8337 | D:9      | Found Idgheror's Antique Weapon Emporium.
  8388 | D:9      | Found a shadowy altar of Dithmenos.
  8388 | D:9      | Found a shimmering altar of Xom.
  9146 | D:10     | Entered Level 10 of the Dungeon
  9146 | D:10     | Noticed a two-headed ogre
  9157 | D:10     | Found a staircase to the Orcish Mines.
  9180 | D:10     | Reached skill level 5 in Evocations
  9389 | D:10     | Found a roughly hewn altar of Beogh.
  9661 | D:10     | Killed a two-headed ogre
 10150 | D:10     | Found a blossoming altar of Fedhas.
 10152 | D:10     | Noticed an oklob plant
 10152 | D:10     | Noticed an oklob plant
 10322 | D:10     | Gained mutation: Your casting is slightly disrupted. [Ru
                  | sacrifice]
 10469 | D:11     | Reached XP level 11. HP: 88/97 MP: 10/10
 10493 | D:11     | Found a staircase to the Lair.
 10525 | D:11     | Noticed a two-headed ogre
 10532 | D:11     | Killed a two-headed ogre
 10602 | D:11     | Noticed a seven-headed hydra
 10609 | D:11     | Killed a seven-headed hydra
 10744 | D:11     | Reached skill level 10 in Fighting
 10772 | D:11     | Noticed Harold
 10785 | D:11     | Killed Harold
 10785 | D:11     | Reached skill level 10 in Armour
 10785 | D:11     | Reached skill level 10 in Shields
 10869 | D:11     | Noticed Grum
 10900 | D:11     | Killed Grum
 11045 | D:11     | Reached skill level 10 in Maces & Flails
 11778 | D:12     | Noticed Frances
 11792 | D:12     | Noticed a sun demon
 11796 | D:12     | Killed Frances
 11796 | D:12     | Reached XP level 12. HP: 33/108 MP: 11/11
 12131 | D:12     | Gained mutation: You cannot study or use magical devices.
                  | [Ru sacrifice]
 12131 | D:12     | Reached * piety under Ru
 12131 | D:12     | Reached ** piety under Ru
 12255 | D:13     | Noticed a two-headed ogre
 12451 | D:13     | Noticed a vault guard
 12451 | D:13     | Noticed a vault guard
 12454 | D:13     | Noticed a vault guard
 12463 | D:13     | Killed a vault guard
 12470 | D:13     | Killed a vault guard
 12481 | D:13     | Killed a vault guard
 12490 | D:13     | Noticed a vault guard
 12491 | D:13     | Noticed a vault guard
 12611 | D:13     | Noticed a centaur warrior
 12633 | D:13     | Reached skill level 10 in Dodging
 12679 | D:12     | Killed a vault guard
 12858 | Lair:1   | Entered Level 1 of the Lair of Beasts
 13030 | Lair:1   | Noticed a seven-headed hydra
 13038 | Lair:1   | Killed a seven-headed hydra
 13079 | Lair:1   | Found an ancient bone altar of Kikubaaqudgha.
 13199 | Lair:1   | Noticed a six-headed hydra
 13205 | Lair:1   | Killed a six-headed hydra
 13576 | Lair:2   | Reached XP level 13. HP: 107/117 MP: 12/12
 13988 | Lair:2   | Noticed Nergalle
 14142 | Lair:1   | Killed Nergalle
 14480 | Lair:2   | Found a staircase to the Swamp.
 14579 | Lair:2   | Gained mutation: You occasionally shout uncontrollably at
                  | your foes. [Ru sacrifice]
 14579 | Lair:2   | Reached *** piety under Ru
 15251 | Lair:3   | HP: 5/119 [seven-headed hydra (5)]
 16084 | Lair:4   | Found a gate leading to a gauntlet.
 16108 | Gauntlet | Entered a Gauntlet
 16108 | Gauntlet | Found a transporter.
 16108 | Gauntlet | Found a transporter.
 16108 | Gauntlet | Found a transporter.
 16109 | Gauntlet | Found a transporter.
 16110 | Gauntlet | Found a transporter.
 16113 | Gauntlet | Found a transporter.
 16122 | Gauntlet | Found a transporter.
 16123 | Gauntlet | Found a transporter.
 16124 | Gauntlet | Found a transporter.
 16125 | Gauntlet | Found a transporter.
 16132 | Gauntlet | Found a transporter.
 16133 | Gauntlet | Found the +15 Maxwell's patent armour {-Cast -Tele rElec
                  | MR+ rCorr}
 16135 | Gauntlet | Found a transporter.
 16228 | Gauntlet | Found a runed translucent door.
 16249 | Gauntlet | Upgraded the game from 0.26-a0-660-gc07710193c to
                  | 0.26-a0-661-g406de6ba63
 16701 | Gauntlet | Identified the ring of the Three Youths {rPois MR- Str+9
                  | Dex-2 Stlth+}
 16701 | Gauntlet | Noticed a minotaur
 16712 | Gauntlet | Killed a minotaur
 16966 | Lair:4   | Gained mutation: You are somewhat inexperienced. (-2 XL)
                  | [Ru sacrifice]
 16966 | Lair:4   | Reached XP level 12. HP: 113/113 MP: 11/11
 16966 | Lair:4   | Reached XP level 11. HP: 106/106 MP: 10/10
 16966 | Lair:4   | Reached **** piety under Ru
 16966 | Lair:4   | Reached ***** piety under Ru
 17439 | Lair:4   | Noticed Sonja
 17857 | Lair:4   | Noticed a seven-headed hydra
 17884 | Lair:3   | Killed a seven-headed hydra
 17884 | Lair:3   | Reached XP level 12. HP: 104/115 MP: 11/11
 17985 | Lair:4   | Found a hole to the Spider Nest.
 18155 | Lair:4   | Killed Sonja
 18291 | Lair:4   | Found a runed translucent door.
 18291 | Lair:4   | Noticed MrRokkomies's ghost (journeyman GnWn)
 18740 | Lair:5   | Noticed a five-headed hydra
 18751 | Lair:5   | Killed a five-headed hydra
 18868 | Lair:5   | Noticed Urug
 18870 | Lair:5   | Noticed a five-headed hydra
 18872 | Lair:5   | Killed Urug
 18878 | Lair:5   | Killed a five-headed hydra
 19350 | Lair:5   | Noticed a boulder beetle
 19370 | Lair:5   | Killed a boulder beetle
 19443 | Lair:5   | Found a viscous altar of Jiyva.
 19444 | Lair:5   | Found a staircase to the Slime Pits.
 19585 | Lair:6   | Entered Level 6 of the Lair of Beasts
 19595 | Lair:5   | Gained mutation: You cannot study or cast Fire magic. [Ru
                  | sacrifice]
 19595 | Lair:5   | Gained mutation: You cannot study or cast Hexes magic. [Ru
                  | sacrifice]
 19595 | Lair:5   | Gained mutation: You cannot study or cast Summoning magic.
                  | [Ru sacrifice]
 19619 | Lair:6   | Noticed a six-headed hydra
 19632 | Lair:6   | Killed a six-headed hydra
 19969 | Lair:6   | Noticed Josephine
 19970 | Lair:6   | Noticed a death yak
 19972 | Lair:6   | Noticed a death yak
 19975 | Lair:6   | Killed Josephine
 19975 | Lair:6   | Noticed a death yak
 19975 | Lair:6   | Noticed a death yak
 19977 | Lair:6   | Noticed a death yak
 19977 | Lair:6   | Noticed a death yak
 20023 | Lair:5   | Killed a death yak
 20023 | Lair:5   | Reached XP level 13. HP: 113/122 MP: 12/12
 21013 | Lair:6   | Noticed a fire dragon
 21047 | Lair:6   | Killed a fire dragon
 21772 | D:8      | Bought a glowing kite shield for 247 gold pieces
 21900 | D:13     | Found a gate to the Vaults.
 22151 | D:13     | Found a glowing golden altar of the Shining One.
 22856 | D:14     | Gained mutation: You cannot be stealthy. [Ru sacrifice]
 22856 | D:14     | Reached ****** piety under Ru
 22947 | D:14     | Reached XP level 14. HP: 79/132 MP: 13/13
 23799 | D:14     | Upgraded the game from 0.26-a0-661-g406de6ba63 to
                  | 0.26-a0-710-g95a0c6c400
 23864 | D:15     | Entered Level 15 of the Dungeon
 24741 | D:15     | Found a staircase to the Depths.
 24927 | D:15     | Found a sacrificial altar of Ru.
 25367 | Orc:1    | Entered Level 1 of the Orcish Mines
 25509 | Orc:1    | Found a bloodstained altar of Trog.
 25510 | Orc:1    | Found the cursed necklace of Bloodlust {*Rage +Rage MR++
                  | Int-3 Slay+6 *Curse}
 25594 | Orc:2    | Entered Level 2 of the Orcish Mines
 25603 | Orc:2    | Found a staircase to the Elven Halls.
 25660 | Orc:2    | Found a frozen archway.
 25673 | IceCv    | Entered an ice cave
 25863 | IceCv    | Reached skill level 15 in Fighting
 25941 | IceCv    | Reached XP level 15. HP: 141/141 MP: 14/14
 25961 | IceCv    | Reached skill level 15 in Armour
 26124 | IceCv    | Reached skill level 15 in Shields
 26174 | IceCv    | Noticed a frost giant
 26197 | IceCv    | Killed a frost giant
 26202 | IceCv    | Reached skill level 15 in Maces & Flails
 27017 | Orc:2    | Noticed an orc warlord
 27626 | Orc:2    | Killed an orc warlord
 27696 | Orc:2    | Found Ikham's Antique Armour Shop.
 27740 | Orc:2    | Found Xetidd's General Store.
 27740 | Orc:2    | Found Wenlehov's Jewellery Shop.
 27742 | Orc:2    | Found Dore Yfeigg's Antique Weapon Boutique.
 27880 | Orc:1    | Found a transporter.
 28068 | Orc:1    | Found a transporter.
 28068 | Orc:1    | Found a runed translucent door.
 28095 | Orc:1    | Annihilated by an ettin

Illustrated notes

Levels and vault maps discovered:
D:1:      heliophobic_arrival_battle_scene, layout_basic
D:2:      layout_basic, uniq_terence, uniq_sigmund
D:3:      layout_rooms, uniq_ijyb, uniq_crazy_yiuf_cottage
D:4:      layout_basic, lemuel_coloured_pillars_altar,
          minmay_temple_entry_drinking_statues, corner_web_ring,
          hangedman_decor_clover_reticule, minmay_joined_circles
D:5:      layout_rooms, kennysheep_little_box, makhleb_grotto_becter,
          minmay_misc_feat_x
D:6:      layout_basic
D:7:      layout_gridville, nicolae_overflow_hidden_temple
D:8:      layout_rooms, serial_shops, nicolae_shop_waterfront, kennysheep_mini,
          shop, shop, serial_corexii_hall, corexii_hall_statues_i,
          corexii_hall_statues_deadend, chequers_serial_rivers_micro_d
D:9:      layout_layer_cave, gammafunk_temple_overflow_elements, serial_shops,
          nicolae_shop_trees
D:10:     minmay_angry_zag, layout_small_grid, minmay_orc_entry_temple_small,
          hangedman_tree_tricks
D:11:     layout_roguey, due_lair_maze_entry_diamond, grunt_ministairs_2,
          uniq_grum, uniq_harold
D:12:     layout_roguey, serial_glass, glass_columns_a, glass_columns_b,
          glass_columns_b, uniq_frances
D:13:     layout_cave_pools, ximxim_vaults_locker_room, basic_altar,
          kennysheep_generic_room_14
D:14:     kennysheep_ambush_hall, layout_basic
D:15:     grunt_enter_depths_snipers, layout_long_grid, hangedman_ru_absence
Temple:   regret_index_temple_sphere_string
Lair:1:   layout_gridlike, chequers_serial_rivers_micro_c, lemuel_oklob_altar
Lair:2:   layout_long_grid, minmay_swamp_entry_worms,
          chequers_serial_rivers_micro_a, uniq_nergalle
Lair:3:   layout_cave_pods, serial_bayou_shore_b, grunt_megastairs_2
Lair:4:   layout_cave_pods, spider_nest_entry_rubble, gauntlet_entry_generic,
          ebering_ghost_reflecting_pool, uniq_sonja
Lair:5:   layout_roguey, slime_altar_1, uniq_urug
Lair:6:   guppyfry_lair_end_dragon, layout_big_grid, serial_bayou_shore_a,
          uniq_josephine
Orc:1:    emtedronai_trogs_sanctum, layout_caves
Orc:2:    st_orc_congregation, layout_diamond_mine,
          portal_ice_cave_entry_ice_beasts

Skill      XL: |  1  2  3  4  5  6  7  8  9 10 11 12 13 14 15 |
---------------+----------------------------------------------+-----
Armour         | 4 5 6 7 8 9 10 13 14 15 | 15.4
Fighting       | 4 5 6 7 8 9 13 11 14 15 | 15.5
Shields        | 4 5 6 8 9 10 13 14 15 | 15.0
Maces & Flails | 3 4 5 6 7 9 10 13 14 15 | 15.3
Dodging        | 2 3 5 6 7 9 12 11 13 14 | 14.0
Evocations     | 1 2 3 4 5 0 |  0.0

Action                   |  1- 3 |  4- 6 |  7- 9 | 10-12 | 13-15 || total
-------------------------+-------+-------+-------+-------+-------++-------
Melee: Flail             |    60 |   173 |   339 |    33 |       ||   605
       Headbutt          |    10 |    30 |    74 |   174 |   250 ||   538
       Morningstar       |       |       |       |   806 |  1277 ||  2083
Throw: Dart              |       |       |       |     1 |       ||     1
Invok: Reject Sacrifices |       |       |     1 |       |       ||     1
       Sacrifice Essence |       |       |       |     1 |       ||     1
       Sacrifice Experie |       |       |       |     1 |       ||     1
       Power Leap        |       |       |       |     2 |       ||     2
       Sacrifice Artific |       |       |       |     1 |       ||     1
       Sacrifice Arcana  |       |       |       |     1 |       ||     1
       Draw Out Power    |       |       |       |       |     1 ||     1
       Sacrifice Purity  |       |       |       |       |     1 ||     1
       Sacrifice Stealth |       |       |       |       |     1 ||     1
Evoke: Wand              |       |       |     1 |       |       ||     1
  Use: Potion            |     1 |       |       |       |     3 ||     4
       Scroll            |       |       |     4 |    17 |     6 ||    27
 Stab: Invisible         |       |       |       |     3 |     4 ||     7
       Petrified         |       |       |       |       |     4 ||     4
       Distracted        |       |       |       |       |     3 ||     3
Armor: Scale mail        |    31 |    22 |       |       |       ||    53
       Plate armour      |       |    85 |   196 |   299 |   288 ||   868
       Fire dragon scale |       |       |       |   122 |   155 ||   277
Dodge: Dodged            |    21 |    43 |   103 |   361 |   344 ||   872
Block: Kite shield       |    29 |    99 |   192 |   633 |   935 ||  1888
       Reflection        |       |       |       |     4 |    30 ||    34

Table legend: (Time is in decaauts)
 A = Elapsed time spent in this place.
 B = Non-inter-level travel time spent in this place.
 C = Inter-level travel time spent in this place.
 D = Time resting spent in this place.
 E = Time spent auto-exploring this place.
 F = Levels seen in this place.
 G = Mean time per level.
                   A        B        C        D        E       F      G
               +--------+--------+--------+--------+--------+-----+--------+
         Total |  28098 |  26501 |   1597 |   1642 |  19519 |  26 | 1080.7 |
       Dungeon |  16280 |  15407 |    873 |    722 |  11842 |  15 | 1085.3 |
        Temple |    172 |    160 |     12 |      0 |    134 |   1 |  172.0 |
          Lair |   8198 |   7676 |    522 |    814 |   5334 |   6 | 1366.3 |
  Orcish Mines |   1765 |   1575 |    190 |      6 |   1153 |   2 |  882.5 |
      Ice Cave |    860 |    860 |      0 |      0 |    689 |   1 |  860.0 |
      Gauntlet |    821 |    821 |      0 |    100 |    367 |   1 |  821.0 |
               +--------+--------+--------+--------+--------+-----+--------+

Top non-repeatable levels by time:
  Lair:3: 1662 daAuts
     D:6: 1578 daAuts
  Lair:4: 1477 daAuts
  Lair:6: 1444 daAuts
  Lair:5: 1372 daAuts
    D:14: 1366 daAuts
  Lair:1: 1328 daAuts
     D:4: 1258 daAuts
    D:12: 1216 daAuts
    D:10: 1208 daAuts
    D:15: 1186 daAuts
     D:9: 1178 daAuts
   Orc:2: 1145 daAuts
     D:7: 1128 daAuts
     D:2: 1122 daAuts
